 Dungeon Crawl Stone Soup version 0.18-b1-14-g029dad2 (console) character file.

30 Dingbat the Ducker (level 3, 0/19 HPs)
             Began as a Spriggan Abyssal Knight on May 1, 2016.
             Was a Believer of Lugonu.
             Slain by an adder (3 damage)
             ... on level 3 of the Dungeon.
             The game lasted 00:03:08 (1031 turns).

Dingbat the Ducker (Spriggan Abyssal Knight)        Turns: 1031, Time: 00:03:09

Health: 0/19       AC:  2    Str:  8    XL:     3   Next: 5%
Magic:  6/6        EV: 19    Int: 14    God:    Lugonu [**....]
Gold:   97         SH:  0    Dex: 17    Spells: 0 memorised, 2 levels left

rFire  . . .     SeeInvis +     a - +1 short sword
rCold  . . .     Gourm    .     e - +0 robe
rNeg   . . .     Faith    .     (shield restricted)
rPois  .         Spirit   .     (helmet restricted)
rElec  .         Dismiss  .     (no cloak)
rCorr  .         Reflect  .     (gloves unavailable)
SustAt .         Harm     .     (boots unavailable)
MR     .....                    (no amulet)
Stlth  ++........               (no ring)
                                (no ring)

@: lethally poisoned (0 -> -1), very quick, not resistant to hostile
enchantments, unstealthy
A: unfitting armour, thin skeletal structure 1, see invisible, herbivore 3,
speed 3, slow metabolism 2
a: Depart the Abyss, Bend Space, Renounce Religion


You were on level 3 of the Dungeon.
You worshipped Lugonu.
Lugonu was pleased with you.
You were not hungry.

You visited 1 branch of the dungeon, and saw 3 of its levels.
You visited the Abyss 1 time.

You collected 97 gold pieces.

Inventory:

Hand Weapons
 a - a +1 short sword (weapon)
 b - a +0 hunting sling
 g - a +0 dagger
Missiles
 f - 8 needles of confusion
 i - 42 stones (quivered)
Armour
 e - a +0 robe (worn)
Scrolls
 m - a scroll of noise {unknown}
Potions
 d - a potion of resistance
 l - a potion of heal wounds {unknown}
Comestibles
 c - a bread ration
 j - a royal jelly


   Skills:
 - Level 2.4 Fighting
 + Level 3.0 Short Blades
 - Level 3.5 Dodging
 + Level 2.8 Invocations


You had 2 spell levels left.
You didn't know any spells.

Dungeon Overview and Level Annotations

Branches:
Dungeon (3/15)

Altars:


Innate Abilities, Weirdness & Mutations

You are tiny and cannot use many weapons and most armour.
You have supernaturally acute eyesight.
You are a herbivore.
You cover ground extremely quickly.
You need consume almost no food.
You have a somewhat thin skeletal structure (Dex +2, Stealth).


Message History

You are too injured to fight recklessly!
You are too injured to fight recklessly!
You are too injured to fight recklessly!
You are too injured to fight recklessly!
You are too injured to fight recklessly!
You are too injured to fight recklessly!
You are too injured to fight recklessly!
You are too injured to fight recklessly!
You are too injured to fight recklessly!
You are too injured to fight recklessly!
You are too injured to fight recklessly!
You are too injured to fight recklessly!
You are too injured to fight recklessly!
You are too injured to fight recklessly!
Drink which item? (? for menu, Esc to quit)
Okay, then.
Drink which item? (? for menu, Esc to quit)
It was a potion of cancellation.
You feel magically purged.
You feel sick. The adder bites you.
You die...

.. # #.. #. #.. #. #.#
#####.###### #.# #
....>......# #.# .# #
...........###.# .# #
.......@...'†..#+#+#.# #
.......S...###.<.....# #
...........# #.......#
...........###.......#
.....................#
.....................#
.....................#
...(.................###
.........#......


You could see an adder.

Vanquished Creatures
  2 dart slugs
  A giant gecko (D:3)
  2 bats
  3 giant cockroaches
  6 goblins
  A hobgoblin (D:1)
  3 kobolds (D:1)
  2 giant newts (D:1)
  4 rats
24 creatures vanquished.

Notes
Turn   | Place    | Note
--------------------------------------------------------------
     0 | Abyss:1  | Dingbat the Spriggan Abyssal Knight began the quest for the Orb.
     0 | Abyss:1  | Reached XP level 1. HP: 11/11 MP: 3/3
    37 | D:1      | Escaped the Abyss
   299 | D:1      | Reached XP level 2. HP: 12/16 MP: 4/4
   714 | D:1      | Reached ** piety under Lugonu
   848 | D:2      | Gained mutation: You have a somewhat thin skeletal structure (Dex +2, Stealth). [potion of beneficial mutation]
   962 | D:3      | Reached XP level 3. HP: 13/19 MP: 6/6
  1031 | D:3      | Slain by an adder

Skill      XL: |  1  2 |
---------------+-------+-----
Invocations    | 2 |  2.8
Short Blades   | 3 |  3.0
Fighting       | |  2.4
Dodging        | |  3.5

Action                   || total
-------------------------++-------
Melee: Short sword       ||   111
Throw: Stone             ||     1
  Use: Scroll            ||     6
       Potion            ||     3
 Stab: Sleeping          ||     2
Armor: Robe              ||     9
Dodge: Dodged            ||    95
